 Dungeon Crawl Stone Soup version 0.24.1-4-ge52af88ad5 (webtiles) character file.

Game seed: 9701303998305649291, levelgen mode: deterministic

83 MisterOstroum the Conjurer (level 4, 32/36 HPs)
             Began as a Hill Orc Wizard on Apr 12, 2020.
             Quit the game on level 3 of the Dungeon.
             The game lasted 00:03:39 (3063 turns).

MisterOstroum the Conjurer (Hill Orc Wizard)        Turns: 3063, Time: 00:03:40

Health: 32/36      AC:  4    Str: 12    XL:     4   Next: 44%
Magic:  3/7        EV: 12    Int: 19    God:
Gold:   232        SH:  0    Dex:  9    Spells: 2/7 levels left

rFire    . . .     SeeInvis .   b - +0 whip
rCold    . . .     Gourm    .   (no shield)
rNeg     . . .     Faith    .   E - +0 robe
rPois    .         Spirit   .   h - +0 hat
rElec    .         Reflect  .   (no cloak)
rCorr    +         Harm     .   i - +0 pair of gloves
MR       .....                  m - +0 pair of boots
Stlth    ++........             (no amulet)
HPRegen  0.12/turn              f - ring of resist corrosion
MPRegen  0.10/turn              j - +3 ring of strength

@: no status effects
A: no striking features
a: no special abilities


You were on level 3 of the Dungeon.
You were not hungry.

You visited 1 branch of the dungeon, and saw 3 of its levels.

You collected 232 gold pieces.

Inventory:

Hand Weapons
 a - a +0 spear
 b - a +0 whip (weapon)
 g - a +0 club
 B - a +0 dagger
Missiles
 d - 99 arrows
 k - 44 bolts
 p - 36 stones (quivered)
 s - 48 sling bullets
Armour
 h - a +0 hat (worn)
 i - a +0 pair of gloves (worn)
 m - a +0 pair of boots (worn)
 E - a +0 robe (worn)
Jewellery
 f - a ring of resist corrosion (left hand)
 j - a +3 ring of strength (right hand)
Wands
 C - a wand of random effects (16)
Scrolls
 c - 4 scrolls of identify
 n - 2 scrolls of enchant weapon {unknown}
 q - a scroll of remove curse {@r2}
 w - 3 scrolls of random uselessness {unknown}
 x - a scroll of amnesia {unknown}
 y - a scroll of teleportation {@r3 !r}
 A - a scroll of immolation {unknown}
 D - a scroll of blinking {unknown}
Potions
 l - 2 potions of curing
 o - a potion of berserk rage
 r - a potion of mutation
 t - a potion of brilliance
 u - a potion of might {unknown}
 v - a potion of heal wounds {@q2 !q}
Comestibles
 e - 9 rations
 z - 2 chunks of flesh


   Skills:
 - Level 1.8 Fighting
 - Level 1.5 Dodging
 + Level 2.4 Stealth
 - Level 2.4 Spellcasting
 * Level 3.0 Conjurations
 - Level 1.0 Summonings
 - Level 0.7 Translocations


You had 2 spell levels left.
You knew the following spells:

 Your Spells              Type           Power        Failure   Level  Hunger
a - Magic Dart            Conj           ##..         4%          1    #......
b - Call Imp              Summ           #.......     16%         2    ##.....
B - Blink                 Tloc           N/A          19%         2    ##.....

Your spell library contained the following spells:

 Spells                   Type           Power        Failure   Level  Hunger
 Slow                     Hex            #.......     24%         2    ##.....
 Conjure Flame            Conj/Fire      #.......     26%         3    ###....
 Mephitic Cloud           Conj/Pois/Air  #.......     32%         3    ###....


Dungeon Overview and Level Annotations

Branches:
Dungeon (3/15)

Altars:
Ashenzari
Qazlal

Annotations:
D:3 3 runed translucent doors


Message History

Aim: an orc, wielding a +0 dagger and wearing a +2 scale mail of positive energy The magic dart hits the orc but does no damage.
Casting: Magic Dart (safe; 4% risk of failure)
Confirm with . or Enter, or press ? or * to list all spells.
Aiming: Magic Dart (safe; 4% risk of failure)
Press: ? - help, Shift-Dir - straight line, f/p - orc
Aim: an orc, wielding a +0 dagger and wearing a +2 scale mail of positive energy You miscast Magic Dart.
You are very lightly contaminated with residual magic.
Nothing appears to happen.
Casting: Magic Dart (safe; 4% risk of failure)
Confirm with . or Enter, or press ? or * to list all spells.
Aiming: Magic Dart (safe; 4% risk of failure)
Press: ? - help, Shift-Dir - straight line, f/p - orc
Aim: an orc, wielding a +0 dagger and wearing a +2 scale mail of positive energy The magic dart hits the orc but does no damage.
Casting: Magic Dart (safe; 4% risk of failure)
Confirm with . or Enter, or press ? or * to list all spells.
Aiming: Magic Dart (safe; 4% risk of failure)
Press: ? - help, Shift-Dir - straight line, f/p - orc
Aim: an orc, wielding a +0 dagger and wearing a +2 scale mail of positive energy The magic dart hits the orc but does no damage.
Casting: Magic Dart (safe; 4% risk of failure)
Confirm with . or Enter, or press ? or * to list all spells.
Aiming: Magic Dart (safe; 4% risk of failure)
Press: ? - help, Shift-Dir - straight line, f/p - orc
Aim: an orc, wielding a +0 dagger and wearing a +2 scale mail of positive energy The magic dart hits the orc.
The orc is moderately wounded.
The orc closely misses you.
You closely miss the orc.
The orc is moderately wounded.
The orc hits you but does no damage.
You barely miss the orc.
The orc is moderately wounded.
The orc hits you but does no damage.
You hit the orc but do no damage.
The orc is moderately wounded.
The orc barely misses you.
You hit the orc but do no damage.
The orc is moderately wounded.
The orc closely misses you.
Press: ? - help, v - describe, . - travel
Here: an orc, wielding a +0 dagger and wearing a +2 scale mail of positive energy (moderately wounded)
The floor.
b - a +0 whip (weapon)
You barely miss the orc.
The orc is moderately wounded.
The orc hits you with a +0 dagger.
You hit the orc but do no damage.
The orc is moderately wounded.
The orc hits you but does no damage. The orc barely misses you.
You barely miss the orc.
The orc is moderately wounded.
The orc barely misses you.
You completely miss the orc.
The orc is moderately wounded.
The orc closely misses you.
You hit the orc.
The orc is moderately wounded.
The orc hits you with a +0 dagger.
You hit the orc but do no damage.
The orc is moderately wounded.
The orc hits you but does no damage.
You closely miss the orc.
The orc is moderately wounded.
The orc hits you with a +0 dagger.
You barely miss the orc.
The orc is moderately wounded.
The orc hits you but does no damage.
You hit the orc.
The orc is moderately wounded.
The orc barely misses you.
You closely miss the orc.
The orc is moderately wounded.
The orc closely misses you.
Your magical contamination has completely faded away.
You hit the orc.
The orc is severely wounded.
The orc closely misses you.
You hit the orc.
The orc is severely wounded.
The orc closely misses you. The orc hits you but does no damage.
You hit the orc.
You kill the orc!
Things that are here:
a +0 dagger; a +2 scale mail of positive energy There isn't anything to butcher here.
The jackal is too close now for your liking.
A jackal is nearby!
A jackal is nearby!
Throwing (i - inventory)
p - 37 stones (quivered)
Press: ? - help, Shift-Dir - straight line, f - jackal
Aim: a jackal (hasn't noticed you)
You throw a stone. The jackal barks!
The stone hits the jackal.
The jackal is lightly wounded.
You hear a bark!
Are you sure you want to abandon this character and quit the game? (Confirm with "yes".)

.......#...#...#.).#...#...
....(#...#...#...#...#...#.
?....h.#...#...#...#...#...
.###.#...#...#...#...#...#.
#...#...#...#...#...#...
#.#..h#)..#...#...#)..#.
#...#...#...#...#...#... .(.+
..#...#...#...#...#...#.
...+.....#..@#...#...#...#... ##
♣..+...#...#...#...#...#...#. .#
(#..#..#..)#...#...#...#... .#
#..###..#...#...#...#..#..
.########.#####..#...#...#.......
.......##..........#...#..#.#####
##'########.#######..#..###.#####
#.########.#.....#.#.#####.#<...
##.##..............)......#.#####


You could see a jackal.

Vanquished Creatures
  4 adders
  2 leopard geckos
  6 orcs (D:3)
  2 giant cockroaches
  2 goblins
  7 hobgoblins
  4 kobolds
  2 quokkas
  2 bats
  A frilled lizard (D:1)
  7 rats
39 creatures vanquished.

Notes
Turn   | Place    | Note
-------+----------+-------------------------------------------
     0 | D:1      | MisterOstroum the Hill Orc Wizard began the quest for the
                  | Orb.
     0 | D:1      | Reached XP level 1. HP: 14/14 MP: 3/3
   219 | D:1      | Reached skill level 1 in Fighting
   568 | D:1      | Reached XP level 2. HP: 24/24 MP: 3/5
   633 | D:1      | Learned a level 2 spell: Call Imp
   636 | D:1      | Learned a level 2 spell: Blink
  1409 | D:2      | Reached XP level 3. HP: 29/29 MP: 1/6
  1532 | D:2      | Reached skill level 2 in Conjurations
  2262 | D:3      | Found a stormy altar of Qazlal.
  2297 | D:3      | Found a shattered altar of Ashenzari.
  2456 | D:3      | Reached XP level 4. HP: 36/36 MP: 3/7
  2625 | D:3      | Found a runed translucent gate.
  2625 | D:3      | Found a runed translucent gate.
  2625 | D:3      | Found a runed translucent gate.
  2704 | D:3      | Reached skill level 3 in Conjurations
  3063 | D:3      | Quit the game

Levels and vault maps discovered:
D:1:      saegor_arrival_miasma, layout_loops_cross, serial_glass,
          glass_columns_b, glass_columns_c, chequers_garden,
          minmay_misc_feat_alley
D:2:      layout_basic, nicolae_underground_beach
D:3:      layout_basic, cheibrodos_ashenzari_chains, ebering_ghost_rock_garden,
          hex_large, grunt_qazlal_clouds

Skill      XL: |  1  2  3  4 |
---------------+-------------+-----
Fighting       | 1 |  1.8
Stealth        | 2 |  2.4
Conjurations   | 2 3 |  3.0
Dodging        | |  1.5
Spellcasting   | |  2.4
Summonings     | |  1.0
Translocations | |  0.7

Action                   |  1- 3 |  4- 6 || total
-------------------------+-------+-------++-------
Melee: Unarmed           |    12 |       ||    12
       Club              |     3 |       ||     3
       Dagger            |     4 |    19 ||    23
       Whip              |     1 |    13 ||    14
Throw: Stone             |       |     1 ||     1
 Cast: Magic Dart        |    74 |    29 ||   103
  Use: Scroll            |     7 |       ||     7
  Eat: Chunk             |     5 |     2 ||     7
Armor: Robe              |     2 |     5 ||     7
Dodge: Dodged            |    13 |    20 ||    33
